Map: Dreamcatcher LE

Players

LiquidTLO (TLO)

  • Race: Zerg Zerg
  • Spawn Location: 11:00

Elazer - Winner!

  • Race: Zerg Zerg
  • Spawn Location: 5:00

Event: WCS Austin 2018

VOD

Have the link to the VOD?

Description

Time

  • Played on: June 2, 2018, 7:12 p.m.
  • Length: 9:34

All games in this series

Show
View Real Time Build Order
Export as new Build Order

LiquidTLO Zerg 

Build Orders: 3 Hatch before Pool 

Get SALT Encoding   

  12  0:00  Drone  
  13  0:08  Drone  
  14  0:16  Overlord  
  14  0:35  Drone x2  
  16  0:48  Hatchery  
  15  0:51  Drone  
  15  0:54  Drone  
  17  0:58  Drone  
  18  1:14  Drone  
  19  1:24  Hatchery  
  18  1:29  Extractor  
  17  1:37  Spawning Pool  
  16  1:44  Drone  
  17  1:48  Drone  
  18  2:01  Drone  
  18  2:24  Zergling x10  
  23  2:38  Drone  
  23  2:39  Zergling x2  
  23  2:51  Zergling x2  
  23  2:58  Drone  
  24  2:59  Drone  
  24  3:04  Drone  
  26  3:07  Drone  
  27  3:16  Extractor  
  27  3:17  Drone  
  28  3:21  Extractor  
  28  3:22  Drone  
  27  3:27  Drone  
  27  3:32  Metabolic Boost  
  29  3:35  Zergling x2  
  29  3:38  Zergling x2  
  32  3:41  Zergling x2  
  32  3:44  Zergling x2  
  32  3:47  Zergling x2  
  34  3:53  Overlord  
  34  4:01  Overlord  
  33  4:12  Drone  
  33  4:13  Drone x2  
  33  4:14  Drone x2  
  38  4:20  Drone  
  39  4:25  Drone  
  40  4:33  Hatchery  
  40  4:36  Evolution Chamber  
  40  4:37  Zergling x2  
  39  4:41  Zergling x2  
  39  4:42  Drone  
  39  4:43  Zergling x2  
  39  4:45  Zergling x2  
  43  4:52  Baneling Nest, Drone  
  44  4:53  Zergling x2  
  44  4:56  Overlord  
  44  4:58  Drone  
  45  5:02  Zerg Melee Weapons Level 1  
  45  5:08  Drone, Queen  
  45  5:14  Overlord  
  48  5:15  Zergling x2  
  48  5:18  Zergling x2  
  48  5:19  Zergling x2  
  51  5:24  Zergling x2  
  51  5:25  Zergling x6  
  51  5:26  Zergling x2  
  56  5:31  Zergling x2  
  56  5:35  Queen  
  57  5:37  Zergling x2  
  57  5:40  Zergling x2  
  57  5:42  Zergling x2  
  62  5:48  Zergling x2  
  63  5:51  Zergling x2  
  63  5:53  Zergling x2  
  63  5:55  Zergling x2  
  65  5:57  Zergling x2  
  65  5:58  Zergling x2  
  65  6:02  Zergling x2  
  65  6:05  Zergling x2  
  65  6:08  Zergling x2  
  65  6:09  Zergling x4  
  65  6:11  Queen  
  59  6:16  Zergling x2  
  59  6:17  Zergling x4  
  59  6:18  Zergling x4  
  57  6:21  Baneling  
  51  6:29  Zergling x8  
  51  6:30  Zergling x4  
  53  6:40  Zergling x2  
  53  6:42  Zergling x2  
  53  6:43  Queen, Zergling x4  
  53  6:47  Roach Warren, Zergling x2  
  58  6:49  Baneling  
  58  6:50  Zergling x2  
  58  6:52  Zergling x2  
  56  7:00  Zergling x2  
  56  7:01  Zergling x2  
  56  7:03  Zergling x2  
  56  7:05  Lair  
  55  7:08  Drone  
  55  7:15  Drone  
  55  7:16  Drone x2  
  55  7:17  Spawning Pool  
  55  7:18  Extractor  
  55  7:26  Drone  
  55  7:27  Drone  
  56  7:30  Extractor  
  56  7:32  Baneling x2  
  56  7:35  Overlord x2  
  56  7:36  Overlord  
  55  7:42  Overlord  
  51  7:56  Drone  
  49  7:58  Drone  
  49  8:00  Drone  
  51  8:06  Drone, Zergling x2  
  51  8:07  Extractor  
  51  8:08  Glial Reconstitution  
  51  8:11  Zergling x2  
  53  8:13  Drone  
  53  8:16  Drone  
  53  8:17  Hatchery, Drone  
  53  8:19  Drone  
  56  8:24  Drone x2  
  56  8:25  Drone  
  59  8:28  Drone  
  59  8:32  Roach  
  59  8:33  Roach  
  64  8:36  Roach  
  64  8:40  Roach  
  68  8:42  Roach  
  68  8:45  Roach  
  68  8:46  Roach  
  74  8:52  Evolution Chamber, Roach  
  74  8:55  Roach  
  77  9:00  Roach  
  77  9:02  Roach  
  80  9:08  Roach x4  
  87  9:10  Roach  
  87  9:11  Zergling x2  
  87  9:13  Roach  
  87  9:14  Overseer  
  72  9:27  Ravager  
Show
View Real Time Build Order
Export as new Build Order

Elazer Zerg - Winner!

Build Orders: Pool First 

Get SALT Encoding   

  12  0:17  Spawning Pool  
  11  0:22  Drone  
  11  0:28  Drone  
  13  0:31  Drone  
  14  0:40  Overlord  
  14  1:04  Zergling x4  
  14  1:05  Zergling x2  
  17  1:14  Hatchery  
  16  1:18  Zergling x2  
  17  1:27  Zergling x2  
  18  1:34  Queen  
  18  1:38  Zergling x2  
  21  1:48  Overlord  
  21  1:58  Drone  
  22  2:10  Drone  
  23  2:20  Drone  
  23  2:21  Queen  
  26  2:26  Queen  
  26  2:27  Drone  
  29  2:30  Drone  
  30  2:38  Drone  
  30  2:41  Drone  
  32  2:48  Drone  
  32  2:52  Drone x2  
  32  2:53  Drone  
  35  3:03  Overlord  
  35  3:07  Extractor  
  35  3:09  Extractor  
  33  3:14  Drone x2  
  33  3:16  Drone x2  
  36  3:21  Drone  
  35  3:28  Drone x2  
  35  3:29  Drone x2  
  35  3:32  Queen  
  41  3:39  Drone x3  
  44  3:41  Overlord  
  44  3:51  Evolution Chamber  
  44  3:54  Roach Warren  
  42  3:56  Drone x2  
  42  4:01  Lair  
  44  4:04  Drone  
  44  4:07  Drone  
  44  4:09  Drone  
  47  4:16  Drone x2  
  49  4:18  Evolution Chamber  
  48  4:25  Overlord  
  48  4:26  Overlord  
  48  4:31  Extractor  
  48  4:34  Roach x2  
  48  4:37  Overlord  
  51  4:44  Roach x2  
  57  4:51  Overlord  
  57  4:52  Queen  
  57  5:00  Queen  
  57  5:05  Nydus Network  
  58  5:11  Roach x2  
  62  5:16  Roach  
  62  5:17  Roach x3  
  70  5:23  Roach x2  
  74  5:36  Roach x2  
  74  5:41  Nydus Canal  
  77  5:45  Roach x3  
  83  5:52  Overlord  
  83  6:07  Roach x2  
  83  6:10  Roach  
  83  6:11  Roach  
  83  6:12  Roach  
  83  6:13  Roach x3  
  83  6:15  Roach  
  83  6:17  Roach  
  83  6:21  Roach  
  83  6:24  Roach  
  83  6:26  Roach  
  85  6:38  Roach x2  
  89  6:43  Burrow  
  89  6:45  Drone, Queen  
  92  7:05  Zerg Missile Weapons Level 1  
  92  7:07  Overlord  
  92  7:15  Overlord  
  92  7:16  Overlord  
  92  7:18  Glial Reconstitution  
  92  7:22  Extractor  
  91  7:28  Nydus Canal  
  91  7:30  Drone x4  
  91  7:34  Drone x2  
  97  7:38  Zerg Ground Armor Level 1  
  89  7:56  Overseer  
  77  8:02  Roach x4  
  85  8:06  Roach x2  
  85  8:12  Roach x3  
  95  8:19  Hatchery  
  94  8:20  Roach x2  
  94  8:25  Roach  
  100  8:30  Roach  
  102  8:34  Roach  
  102  8:35  Roach x2  
  102  8:39  Roach x3  
  114  8:43  Roach  
  116  8:52  Overlord x2  
  116  8:53  Roach x6  
  116  9:09  Roach  
  116  9:10  Roach x18  
Tags
 
Add a new tag
Caveats
  • Supply blocks, unpowered buildings, or Contaminate may cause inaccurate times.
  • Supply counts are checked every 10 seconds.